 Dungeon Crawl Stone Soup version 0.27.0-1-g7a089689b8 (webtiles) character file.

Game seed: 15227330663002642247

1280 ZARRMARR the Cleaver (level 8, -4/70 HPs)
             Began as a Hill Orc Monk on Aug 9, 2021.
             Was a Believer of Beogh.
             Killed by divine providence
             ... invoked by an orc priest
              (15 damage)
             ... on level 7 of the Dungeon.
             The game lasted 00:43:14 (8369 turns).

ZARRMARR the Cleaver (Hill Orc Monk)                Turns: 8369, Time: 00:43:14

Health: -4/70      AC:  7    Str: 16    XL:     8   Next: 54%
Magic:  8/8        EV: 13    Int: 10    God:    Beogh [**....]
Gold:   370        SH:  0    Dex: 13    Spells: 7/7 levels left

rFire    . . .     SeeInvis .   a - +0 war axe
rCold    . . .     Faith    +   (no shield)
rNeg     + . .     Spirit   .   b - +0 robe
rPois    .         Reflect  .   (no helmet)
rElec    .         Harm     .   y - scarf {repulsion}
rCorr    .         Rampage  .   c - +0 pair of gloves
Will     .....                  (no boots)
Stlth    ++........             e - amulet of faith
HPRegen  0.21/turn              l - +4 ring of protection
MPRegen  0.11/turn              p - ring of positive energy

@: repel missiles
A: no striking features
a: Renounce Religion, Smiting


You were on level 7 of the Dungeon.
You worshipped Beogh.
Beogh was pleased with you.
You visited 2 branches of the dungeon, and saw 8 of its levels.

You collected 370 gold pieces.

Inventory:

Hand Weapons
 a - a +0 war axe (weapon)
 i - a +2 flail of protection
Missiles
 g - 65 stones (quivered)
Armour
 b - a +0 robe (worn)
 c - a +0 pair of gloves (worn)
 y - a scarf of repulsion (worn)
 C - a +0 cloak
Jewellery
 e - an amulet of faith (around neck)
 l - a +4 ring of protection (left hand)
 p - a ring of positive energy (right hand)
Wands
 z - a wand of digging (7)
Scrolls
 h - a scroll of magic mapping
 s - 2 scrolls of identify {unknown}
 t - a scroll of enchant armour {unknown}
 u - a scroll of enchant weapon {unknown}
 B - a scroll of immolation {unknown}
Potions
 d - a potion of resistance {unknown}
 j - 2 potions of might {unknown}
 k - 2 potions of heal wounds {unknown}
 m - a potion of magic {unknown}
 n - 2 potions of lignification {unknown}
 o - 2 potions of invisibility {unknown}
 q - 3 potions of curing
 r - a potion of brilliance {unknown}
 v - a potion of degeneration {unknown}
 w - a potion of attraction {unknown}


   Skills:
 + Level 6.0 Fighting
 + Level 8.8 Axes
 + Level 3.7 Throwing
 + Level 4.0 Dodging
 + Level 3.6 Stealth
 + Level 0.7 Evocations


You had 7 spell levels left.
You didn't know any spells.
Your spell library contained the following spells:

 Spells                   Type           Power      Damage    Failure   Level
 Sandblast                Erth           0%         2d4       36%         1
 Shock                    Conj/Air       0%         1d3       36%         1
 Passwall                 Tmut/Erth      0%         N/A       50%         2
 Ignite Poison            Fire/Tmut/Pois 0%         N/A       75%         3
 Mephitic Cloud           Conj/Pois/Air  0%         N/A       75%         3
 Swiftness                Air            0%         N/A       75%         3
 Airstrike                Air            0%         N/A       98%         4
 Bolt of Magma            Conj/Fire/Erth 0%         4d4       100%        5
 Lee's Rapid Deconstruct  Erth           0%         3d5*      100%        5
 Invisibility             Hex            0%         N/A       100%        6
 Malign Gateway           Summ/Tloc      0%         N/A       100%        7
 Summon Horrible Things   Summ           0%         N/A       100%        8


Dungeon Overview and Level Annotations

Branches:
Dungeon (7/15)             Temple (1/1) D:4

Altars:
Ashenzari
Cheibriados
Dithmenos
Elyvilon
Fedhas
Gozag
Kikubaaqudgha
Makhleb
Nemelex Xobeh
Qazlal
Ru
Sif Muna
Trog
Uskayaw
Wu Jian
Xom
Yredelemnul
Zin
The Shining One

Annotations:
D:6 Sigmund
D:7 exclusion: ice statue


Message History

You throw a stone. The stone closely misses the orc.
You hear a shout!
Throw: 67 stones
Press: ? - help, Q - select action, (/) - cycle Shift-Dir - straight line, f/p - orc
Aim: an orc, wielding a +0 falchion and wearing a +0 leather armour (62% to hit)
You throw a stone.
The stone hits the orc but does no damage.
Throw: 66 stones
Press: ? - help, Q - select action, (/) - cycle Shift-Dir - straight line, f/p - orc
Aim: an orc, wielding a +0 falchion and wearing a +0 leather armour (62% to hit)
You throw a stone. The stone hits the orc.
The orc is lightly wounded.
The orc priest calls upon Beogh to heal the orc.
The orc's wounds heal themselves!
You closely miss the orc. The orc misses you.
You closely miss the orc. The orc closely misses you.
You closely miss the orc.
The orc priest mumbles some strange prayers to Beogh against you.
Beogh smites you!
* * * LOW HITPOINT WARNING * * *
The orc hits you with a +0 falchion.
* * * LOW HITPOINT WARNING * * *
An orc comes into view. It is wielding a +0 short sword.
You hit the orc but do no damage. The orc hits you but does no damage.
You hit the orc.
The orc is moderately wounded.
The orc barely misses you.
An orc comes into view. It is wielding a +0 trident.
You barely miss the orc priest. You slash the orc!
You kill the orc!
Beogh accepts your kill.
The orc throws a stone.
The stone misses you.
The orc priest hits you with a +4 short sword.
* * * LOW HITPOINT WARNING * * *
An orc wizard comes into view.
It is wielding a +1 dagger of electrocution.
The orc throws a stone.
The stone closely misses you.
The orc priest calls down the wrath of Beogh upon you.
Beogh smites you!
You die...
Beogh appreciates the orc priest's killing of a heretic priest.

..##....)......#
.........)....######
.........##........#
.......#...........#
.......######......#
#......######......#
...................#
#......#...........####
....###.o..@.....#
.###...o.##...≈≈.#
#..(o((()o.≈≈..#
.....(.....≈≈...#
#..(........≈≈..#
..#######.(≈≈...# .#
#(......# #(#######
#..#


You could see an orc priest, an orc wizard and 2 orcs.

Vanquished Creatures
  Eustachio (D:6)
  A steam dragon (D:7)
  An ice beast (D:5)
  A black bear (D:6)
  2 centaurs
  A phantom (D:5)
  A bullfrog (D:6)
  2 scorpions
  A water moccasin skeleton (D:4)
  An electric eel (D:6)
  An orc priest (D:6)
  An orc wizard (D:4)
  2 iguanas
  A killer bee zombie (D:7)
  3 gnolls (D:2)
  4 adders
  A shadow imp (D:7)
  An ufetubus (D:6)
  2 worms
  9 dart slugs
  12 orcs
  6 ball pythons
  3 bats
  5 endoplasms
  8 giant cockroaches
  5 goblins
  3 hobgoblins (D:1)
  7 jackals
  6 quokkas
  11 frilled lizards
  7 kobolds
  6 rats
116 creatures vanquished.

Vanquished Creatures (others)
  6 fungi (D:2)
  3 plants (D:2)
  3 toadstools (D:2)
12 creatures vanquished.

Grand Total: 128 creatures vanquished

Notes
Turn   | Place    | Note
-------+----------+-------------------------------------------
     0 | D:1      | ZARRMARR the Hill Orc Monk began the quest for the Orb.
     0 | D:1      | Reached XP level 1. HP: 19/19 MP: 1/1
   145 | D:1      | Reached XP level 2. HP: 25/27 MP: 2/2
   711 | D:1      | Found a faded altar of an unknown god.
  1123 | D:2      | Reached XP level 3. HP: 33/33 MP: 3/3
  1384 | D:2      | Reached XP level 4. HP: 30/40 MP: 4/4
  1561 | D:2      | Reached skill level 1 in Throwing
  3049 | D:3      | Reached skill level 5 in Axes
  3277 | D:4      | Found a staircase to the Ecumenical Temple.
  3281 | D:4      | Noticed a scorpion
  3309 | D:4      | Reached XP level 5. HP: 28/47 MP: 5/5
  3453 | Temple   | Entered the Ecumenical Temple
  3710 | D:4      | Reached XP level 6. HP: 25/53 MP: 6/6
  4010 | D:4      | Found a shimmering altar of Xom.
  4825 | D:4      | Found an ornate altar of the Wu Jian Council.
  4911 | D:5      | Entered Level 5 of the Dungeon
  5055 | D:5      | Became a worshipper of Beogh the Brigand
  5055 | D:5      | Reached * piety under Beogh
  5055 | D:5      | Reached ** piety under Beogh
  5126 | D:5      | Noticed an ice beast
  5144 | D:5      | Killed an ice beast
  5145 | D:5      | Reached skill level 6 in Axes
  5278 | D:5      | Reached XP level 7. HP: 60/60 MP: 7/7
  6184 | D:6      | Reached skill level 5 in Fighting
  6262 | D:6      | Reached skill level 7 in Axes
  6588 | D:6      | Found a blossoming altar of Fedhas.
  6647 | D:6      | Noticed Eustachio
  6963 | D:6      | Reached XP level 8. HP: 67/69 MP: 8/8
  7495 | D:6      | Killed Eustachio
  7496 | D:6      | Reached skill level 8 in Axes
  7736 | D:6      | Noticed Sigmund
  7897 | D:7      | Noticed an ice statue
  8369 | D:7      | Killed from afar by an orc priest

Illustrated notes

Levels and vault maps discovered:
D:1:      matt_arrival_los_fun, layout_loops_corners, basic_ecumenical_altar
D:2:      layout_basic, minmay_gold_behind_fungi, minmay_lizard_king
D:3:      layout_rooms
D:4:      layout_layer_cave, mainiacjoe_overflow_catwalk,
          mainiacjoe_overflow_24_doors, minmay_temple_entry_slanted
D:5:      layout_loops_corners
D:6:      kennysheep_slugbush, layout_basic, mainiacjoe_overflow_chevrons,
          uniq_eustachio, uniq_sigmund
D:7:      lemuel_ice_statue, layout_rooms, nicolae_hepliaklqana_hippocampus,
          kennysheep_path_1, nicolae_alphabet_shops, dk_vineyard_3
Temple:   nicolae_temple_elliptical

Skill      XL: |  1  2  3  4  5  6  7  8 |
---------------+-------------------------+-----
Stealth        | 2 3 |  3.6
Fighting       | 4 5 6 |  6.0
Throwing       | 2 3 |  3.7
Axes           | 5 6 7 8 |  8.8
Dodging        | 3 4 |  4.0
Evocations     | |  0.7

Action                   |  1- 3 |  4- 6 |  7- 9 || total
-------------------------+-------+-------+-------++-------
Melee: Hand axe          |    87 |   160 |       ||   247
       War axe           |       |    17 |   172 ||   189
Throw: Dart              |    29 |    59 |     9 ||    97
       Stone             |       |    51 |    26 ||    77
Invok: Convert to Beogh  |       |     1 |       ||     1
Evoke: Wand              |       |       |    10 ||    10
  Use: Scroll            |     4 |     2 |     5 ||    11
       Potion            |       |     1 |       ||     1
 Stab: Sleeping          |     7 |     5 |     6 ||    18
Armor: Robe              |    27 |    65 |    69 ||   161
Dodge: Dodged            |    58 |    80 |   154 ||   292
       Repelled          |       |       |     4 ||     4
